3v3

Match 47127777
End
Construct Weapon Support Center
Engineer Squad
M1919 Machine Gun Team
Bazooka Squad
M1919 Machine Gun Team
Engineer Squad
Mechanized Support Center
Selects Heavy Weapons
Selects Assault Carriers
M3 Assault Carrier
Mortar Pit
Selects M2HB .50cal Heavy Machine Gun
Selects Exchangeable Parts
Construct Tank Depot
M4A1 Sherman Medium Tank
M4A1 Sherman Medium Tank
M4A1 76mm Conversion
.30 cal Machine Gun
M4A1(76) Sherman Medium Tank
M1919 Machine Gun Team
Selects Rapid Reposition
Improvised Armor
Selects Rapid Reposition
Selects Black Dragon Artillery Barrage
Engineer Squad
Black Dragon Artillery Barrage
Selects Towed M5 3-inch Anti-tank Gun
Towed M5 3-inch Anti-tank Gun
Engineer Squad
Engineer Squad
Bazooka Squad
Bazooka Squad
Towed M5 3-inch Anti-tank Gun
.30 cal Machine Gun
M4A1(76) Sherman Medium Tank
M4A1(76) Sherman Medium Tank
AI Takeover
Boune
sokolovskiyandriy1989
O. Jauregui
Sierra
[38.] Nowhere Queen
Geist
0
0

Comments sign in to comment!

No comments posted yet!